 Dungeon Crawl Stone Soup version 0.28.0-49-g6dfe1f597d (webtiles) character file.

Game seed: 4498917243121763267

3005 Zeld the Frost Mage (level 9, -4/74 HPs)
             Began as a Ghoul Ice Elementalist on May 12, 2022.
             Was an Initiate of Vehumet.
             Slain by a two-headed ogre
             ... wielding a +0 dire flail
              (11 damage)
             ... on level 8 of the Dungeon.
             The game lasted 00:16:00 (13318 turns).

Zeld the Frost Mage (Ghoul Ice Elementalist)       Turns: 13318, Time: 00:16:01

Health: -4/74      AC:  4    Str: 12    XL:     9   Next: 84%
Magic:  17/17      EV: 13    Int: 14    God:    Vehumet [......]
Gold:   423        SH:  0    Dex:  9    Spells: 9/20 levels left

rFire   . . .      SeeInvis .   m - +0 whip (flame)
rCold   + . .      Faith    .   (no shield)
rNeg    + + +      Spirit   .   a - +0 robe
rPois   ∞          Reflect  .   (no helmet)
rElec   .          Harm     .   (no cloak)
rCorr   +          Rampage  .   o - +0 pair of gloves
Will    .....                   h - +0 pair of boots
Stlth   +++.......              q - amulet of magic regeneration
HPRegen 0.00/turn               k - ring of resist corrosion
MPRegen 0.55/turn               (no ring)

@: inhibited regen
A: claws 1, cold resistance 1, negative energy resistance 3, inhibited
regeneration, torment resistance 2
a: Renounce Religion


You were on level 8 of the Dungeon.
You worshipped Vehumet.
Vehumet was noncommittal.
You visited 2 branches of the dungeon, and saw 9 of its levels.

You collected 423 gold pieces.

Inventory:

Hand Weapons
 m - a +0 whip of flaming (weapon)
Armour
 a - a +0 robe (worn)
 h - a +0 pair of boots (worn)
 o - a +0 pair of gloves (worn)
Jewellery
 k - a ring of resist corrosion (left hand)
 q - an amulet of magic regeneration (around neck)
Scrolls
 b - a scroll of teleportation {unknown}
 c - a scroll of enchant armour
 e - 2 scrolls of blinking
 j - 2 scrolls of amnesia
 l - 2 scrolls of fear
 p - a scroll of identify
Potions
 d - a potion of berserk rage {unknown}
 f - a potion of ambrosia {unknown}
 g - a potion of lignification {unknown}
 i - 3 potions of curing
 n - 2 potions of flight {unknown}


   Skills:
 - Level 5.0 Fighting
 + Level 4.9 Dodging
 + Level 6.3 Stealth
 * Level 6.2 Spellcasting
 * Level 9.2 Ice Magic


You had 9 spell levels left.
You knew the following spells:

 Your Spells              Type           Power      Damage    Failure   Level
a - Freeze                Ice            100%       1d11      1%          1
b - Frozen Ramparts       Ice            60%        1d8       1%          3
c - Ozocubu's Armour      Ice            30%        N/A       1%          3
d - Hailstorm             Conj/Ice       17%        3d6       24%         4

Your spell library contained the following spells:

 Spells                   Type           Power      Damage    Failure   Level


Dungeon Overview and Level Annotations

Branches:
Dungeon (8/15)             Temple (1/1) D:7
   Lair: D:8-11

Altars:
Ashenzari
Cheibriados
Dithmenos
Elyvilon
Fedhas
Gozag
Hepliaklqana
Kikubaaqudgha
Makhleb
Nemelex Xobeh
Okawaru
Qazlal
Ru
Sif Muna
Trog
Uskayaw
Vehumet
Wu Jian
Xom
Yredelemnul
Zin
The Shining One


Innate Abilities, Weirdness & Mutations

You thrive by killing the living.
You are immune to poison.
You have sharp fingernails.
Your flesh is cold resistant. (rC+)
You are immune to negative energy. (rN+++)
You do not regenerate when monsters are visible.
You are immune to unholy pain and torment.


Message History

Your icy armour starts to melt.
Your icy armour evaporates.
Magic restored.
HP restored.
Key pressed, stopping explore.
You see here a +0 short sword.
You see here a +0 club.
Key pressed, stopping explore.
There is a stone staircase leading up here.
There is an escape hatch in the ceiling here.
There is an escape hatch in the ceiling here.
There is a stone staircase leading up here.
There is an escape hatch in the floor here.
You see here a +0 giant spiked club.
Done exploring.
Done exploring.
You see here a +0 giant spiked club.
There is an escape hatch in the floor here.
You slide downwards.
The hatch slams shut behind you.
There is a stone staircase leading down here.
You climb downwards.
There is a stone staircase leading up here.
There is an open door here.
There is an open door here.
There is a stone staircase leading down here.
You climb downwards.
There is a stone staircase leading up here.
You see here a +0 club.
You see here a +0 spear.
There is a staircase to the Ecumenical Temple here.
There is a stone staircase leading down here.
You climb downwards.
The two-headed ogre closely misses you.
The two-headed ogre hits you with a +0 giant spiked club!
The two-headed ogre hits you with a +0 dire flail!!
The two-headed ogre hits you with a +0 giant spiked club!!
* * * LOW HITPOINT WARNING * * *
There is a stone staircase leading up here.
Found a scroll labelled LAIREI LOIDOO and a square golden amulet.
The two-headed ogre hits you with a +0 dire flail!
You die...

...#.####......
...#.>.........
####..÷.#
.....##.#
.....#.<##
.....#...########
.............?"..
###....O.######
#..#.#@##
#.##.#..# #.?
#.##.## #..#
#.##..# #.
#...#..# ###..#.#
##...# #..# ....


You could see a two-headed ogre.

Vanquished Creatures
  A two-headed ogre (D:7)
  Pikel (D:4)
  Grinder (D:4)
  2 wyverns
  A water moccasin (D:7)
  An ice beast (D:4)
  A black bear (D:6)
  3 ogres
  A necrophage (D:6)
  A phantom (D:4)
  A bullfrog (D:8)
  A wyvern skeleton (D:5)
  A howler monkey (D:3)
  2 bullfrog zombies
  A centaur zombie (D:7)
  2 hounds
  4 iguanas
  A scorpion zombie (D:5)
  2 orc wizards
  A howler monkey zombie (D:7)
  3 gnolls (D:7)
  A howler monkey skeleton (D:7)
  8 river rats (D:6)
  6 adders
  A shadow imp (D:7)
  A white imp (D:5)
  An adder skeleton (D:4)
  5 worms
  A dart slug (D:4)
  9 orcs
  5 bats
  6 endoplasms
  4 giant cockroaches
  5 goblins
  4 hobgoblins
  9 kobolds
  2 quokkas
  6 ball pythons
  2 frilled lizards (D:2)
  19 rats
127 creatures vanquished.

Notes
Turn   | Place    | Note
-------+----------+-------------------------------------------
     0 | D:1      | Zeld the Ghoul Ice Elementalist began the quest for the
                  | Orb.
     0 | D:1      | Reached XP level 1. HP: 14/14 MP: 2/2
   334 | D:1      | Reached XP level 2. HP: 22/22 MP: 2/4
   706 | D:1      | Found a faded altar of an unknown god.
  1137 | D:2      | Reached XP level 3. HP: 24/27 MP: 0/5
  1141 | D:2      | Learned a level 3 spell: Frozen Ramparts
  1259 | D:2      | Reached skill level 1 in Fighting
  2138 | D:3      | Reached XP level 4. HP: 32/35 MP: 2/6
  2343 | D:3      | Reached skill level 5 in Ice Magic
  3149 | D:4      | Noticed Grinder
  3153 | D:4      | Reached XP level 5. HP: 41/41 MP: 1/7
  3155 | D:4      | Paralysed by Grinder for 2 turns
  3171 | D:4      | Paralysed by Grinder for 5 turns
  3707 | D:4      | Noticed an ice beast
  4008 | D:4      | Noticed Pikel
  4240 | D:4      | Killed Pikel
  4241 | D:4      | Reached skill level 6 in Ice Magic
  4241 | D:4      | Reached XP level 6. HP: 23/51 MP: 1/10
  4241 | D:4      | Reached XP level 7. HP: 26/57 MP: 1/11
  4246 | D:4      | Learned a level 3 spell: Ozocubu's Armour
  4251 | D:4      | Learned a level 4 spell: Hailstorm
  5546 | D:5      | Entered Level 5 of the Dungeon
  5634 | D:5      | Noticed a wyvern
  5636 | D:5      | Found a hazy altar of Hepliaklqana.
  6208 | D:5      | Reached XP level 8. HP: 32/63 MP: 13/13
  7134 | D:4      | Reached skill level 7 in Ice Magic
  9552 | D:6      | Reached skill level 5 in Stealth
  9619 | D:6      | Reached skill level 5 in Spellcasting
  9983 | D:7      | Found a staircase to the Ecumenical Temple.
 10174 | Temple   | Entered the Ecumenical Temple
 10518 | Temple   | Became a worshipper of Vehumet
 10962 | D:7      | Found a shimmering blue altar of Sif Muna.
 11080 | D:7      | Reached skill level 8 in Ice Magic
 11080 | D:7      | Reached XP level 9. HP: 55/72 MP: 11/15
 11171 | D:7      | Found an opulent altar of Gozag.
 11201 | D:7      | Found a hide-covered altar of Uskayaw.
 11234 | D:7      | Noticed a two-headed ogre
 11610 | D:7      | Killed a two-headed ogre
 11984 | D:8      | Found a bloodstained altar of Trog.
 11992 | D:8      | Reached skill level 5 in Fighting
 11993 | D:8      | Noticed a two-headed ogre
 12284 | D:5      | Reached skill level 9 in Ice Magic
 12864 | D:4      | Killed Grinder
 13318 | D:8      | Slain by a two-headed ogre

Illustrated notes

Levels and vault maps discovered:
D:1:      saegor_arrival_simple_d, layout_loops_cross, serial_glass,
          glass_columns_b, glass_columns_b, glass_columns_a,
          ebering_ecumenical_altar_box
D:2:      layout_loops_ring, minmay_misc_feat_four_crosses
D:3:      layout_basic, st_stairs_2, chequers_serial_rivers_small_b
D:4:      layout_loops_cross, nicolae_underground_beach, uniq_grinder,
          uniq_pikel
D:5:      layout_basic, mainiacjoe_overflow_brackets
D:6:      layout_loops_corners, lightli_sewer_entry_pipes, nrook_mini_vaults,
          dk_rats_in_the_wall
D:7:      layout_loops_ring, mainiacjoe_overflow_chevrons, jmf_multi_god_temple,
          grunt_gozag_breadcrumbs, minmay_temple_entry_stoned_glass,
          kennysheep_generic_room_4
D:8:      layout_rooms, amcnicky_altar_gilded, minivault_1,
          minmay_misc_feat_encased
Temple:   nicolae_temple_elliptical

Skill      XL: |  1  2  3  4  5  6  7  8  9 |
---------------+----------------------------+-----
Spellcasting   | 2 3 4 5 6 |  6.2
Dodging        | 2 3 4 |  4.9
Fighting       | 1 3 4 5 |  5.0
Ice Magic      | 5 6 8 9 |  9.2
Stealth        | 4 5 6 |  6.3

Action                   |  1- 3 |  4- 6 |  7- 9 || total
-------------------------+-------+-------+-------++-------
Melee: Unarmed           |    19 |    23 |   155 ||   197
       Punch             |       |       |     3 ||     3
       Whip              |       |       |   138 ||   138
 Cast: Freeze            |    60 |    38 |    92 ||   190
       Frozen Ramparts   |       |     4 |    22 ||    26
       Ozocubu's Armour  |       |       |     6 ||     6
       Hailstorm         |       |       |     6 ||     6
  Use: Scroll            |       |       |     7 ||     7
 Stab: Sleeping          |       |       |     1 ||     1
Armor: Robe              |    17 |     5 |    89 ||   111
Dodge: Dodged            |    41 |    23 |   254 ||   318
